 Dungeon Crawl Stone Soup version 0.28-a0-706-gf6f64a616a (webtiles) character file.

Game seed: 7726623078400437338

365 funkygono the Firebug (level 6, -1/33 HPs)
             Began as a Gargoyle Fire Elementalist on Oct 24, 2021.
             Slain by an orc (5 damage)
             ... on level 3 of the Dungeon.
             The game lasted 00:09:43 (4285 turns).

funkygono the Firebug (Gargoyle Fire Elementalist)  Turns: 4285, Time: 00:09:44

Health: -1/33      AC: 10    Str: 12    XL:     6   Next: 68%
Magic:  1/12       EV: 12    Int: 17    God:
Gold:   114        SH:  0    Dex: 10    Spells: 1/13 levels left

rFire   . . .      SeeInvis .   e - +1 whip (vorpal)
rCold   . . .      Faith    .   (no shield)
rNeg    + . .      Spirit   .   a - +0 robe
rPois   ∞          Reflect  .   n - +0 helmet
rElec   +          Harm     .   (no cloak)
rCorr   .          Rampage  .   (no gloves)
Will    .....                   j - +2 pair of boots {Stlth+}
Stlth   +++.......              (no amulet)
HPRegen 0.11/turn               (no ring)
MPRegen 0.13/turn               (no ring)

@: attractive, hasted, very quick
A: sickness immunity, AC +4, negative energy resistance 1, electricity
resistance, torment resistance 1, petrification resistance
a: no special abilities


You were on level 3 of the Dungeon.
You visited 1 branch of the dungeon, and saw 4 of its levels.

You collected 114 gold pieces.

Inventory:

Hand Weapons
 e - a +1 vorpal whip (weapon)
 g - a +0 mace of protection
Missiles
 h - 64 stones
Armour
 a - a +0 robe (worn)
 j - a +2 pair of boots of stealth (worn)
 n - a +0 helmet (worn)
Potions
 b - a potion of lignification
 d - 2 potions of resistance
 f - 2 potions of attraction


   Skills:
 + Level 0.3 Fighting
 + Level 0.5 Maces & Flails
 + Level 1.7 Dodging
 - Level 2.1 Stealth
 * Level 4.3 Spellcasting
 * Level 2.9 Conjurations
 * Level 4.9 Fire Magic


You had one spell level left.
You knew the following spells:

 Your Spells              Type           Power      Damage    Failure   Level
a - Foxfire               Conj/Fire      68%        2x1d7     3%          1
b - Scorch                Fire           40%        2d7       3%          2
c - Conjure Flame         Conj/Fire      17%        6-21      9%          3
d - Flame Wave            Conj/Fire      17%        3d5       30%         4
j - Animate Skeleton      Necr           6%         N/A       16%         1
k - Pain                  Necr           12%        1d4       16%         1

Your spell library contained the following spells:

 Spells                   Type           Power      Damage    Failure   Level
 Inner Flame              Hex/Fire       12%        N/A       17%         3
 Vampiric Draining        Necr           1%         2d6       43%         3


Dungeon Overview and Level Annotations

Branches:
Dungeon (4/15)
 Temple: D:4-7

Altars:
Elyvilon

Shops:
D:2 (


Innate Abilities, Weirdness & Mutations

You are immune to sickness and miasma.
Your stone body is resilient. (AC +4)
You are immune to poison.
You resist negative energy. (rN+)
You are resistant to electric shocks. (rElec)
You are resistant to unholy torment.
You are immune to petrification.


Message History

The orc barely misses you.
Unknown command.
You closely miss the howler monkey.
The howler monkey is almost dead.
The howler monkey hits you. The orc hits you with a +0 hand axe. x2
You barely miss the howler monkey.
The howler monkey is almost dead.
The howler monkey barely misses you. The orc hits you but does no damage.
The orc hits you with a +0 hand axe.
* * * LOW HITPOINT WARNING * * *
The howler monkey hoots and howls with incredible vigour!
Casting: Scorch (safe; 3% risk of failure)
Confirm with . or Enter, or press ? or * to list all spells.
You conjure some foxfire!
The orc closely misses you. The orc hits you with a +0 hand axe.
* * * LOW HITPOINT WARNING * * *
The howler monkey barely misses you.
You barely miss the howler monkey.
The howler monkey is almost dead.
The foxfire hits the howler monkey.
The howler monkey is almost dead.
The orc closely misses you.
The howler monkey hits you but does no damage.
The orc misses you.
You feel better. The orc misses you. The howler monkey closely misses you.
The orc hits you but does no damage.
Your magical contamination has completely faded away.
It was a potion of haste.
You feel yourself speed up. The howler monkey barely misses you.
The orc hits you but does no damage. x2
You hit the howler monkey but do no damage.
The howler monkey is almost dead.
The howler monkey hits you.
* * * LOW HITPOINT WARNING * * *
The orc barely misses you. The orc closely misses you.
You hit the howler monkey.
You kill the howler monkey!
The orc hits you with a +0 hand axe.
* * * LOW HITPOINT WARNING * * *
The orc hits you with a +0 hand axe.
You die...

.<.#>.# #......#
##.#..# #......#
.#.#..####......#
.#..........)#..##
.#....###'#......#
##....).)...###..#
##...).#....###..#
.#.....'.........#
.#....##....##.o@###
.#.#####....##.o>..#
.#.# #....##.#####
.#.# #....##.#
.#.#####....##.#
.#.##.......##.#
.#.##.########.#
.#....#........#
#######)########


You could see 2 orcs.

Vanquished Creatures
  An orc warrior (D:3)
  A howler monkey (D:3)
  A centaur skeleton (D:3)
  An orc wizard (D:3)
  Robin (D:3)
  6 adders
  2 worms
  3 dart slugs
  4 orcs
  7 endoplasms
  4 giant cockroaches
  13 goblins
  10 hobgoblins
  3 jackals (D:2)
  11 kobolds
  11 ball pythons
  9 bats
  9 rats
97 creatures vanquished.

Vanquished Creatures (collateral kills)
  12 foxfires
12 creatures vanquished.

Vanquished Creatures (others)
  258 foxfires
  4 plants (D:3)
262 creatures vanquished.

Grand Total: 371 creatures vanquished

Notes
Turn   | Place    | Note
-------+----------+-------------------------------------------
     0 | D:1      | funkygono the Gargoyle Fire Elementalist began the quest
                  | for the Orb.
     0 | D:1      | Reached XP level 1. HP: 10/10 MP: 3/3
   193 | D:1      | Reached XP level 2. HP: 15/15 MP: 0/5
   677 | D:1      | You fall into a shaft and drop 1 floor!
   726 | D:2      | Learned a level 2 spell: Scorch
   959 | D:1      | Reached XP level 3. HP: 19/19 MP: 3/6
  1091 | D:1      | Found a faded altar of an unknown god.
  1297 | D:1      | Learned a level 3 spell: Conjure Flame
  1570 | D:2      | Reached XP level 4. HP: 24/24 MP: 4/8
  2278 | D:2      | Found Kyfywn's Weapon Shoppe.
  2705 | D:3      | Noticed an orc warrior
  2716 | D:3      | Killed an orc warrior
  2717 | D:3      | Reached XP level 5. HP: 28/28 MP: 0/10
  2809 | D:3      | Learned a level 4 spell: Flame Wave
  2937 | D:3      | Reached XP level 6. HP: 32/32 MP: 1/11
  2951 | D:3      | Learned a level 1 spell: Animate Skeleton
  2953 | D:3      | Learned a level 1 spell: Pain
  3701 | D:3      | Noticed Robin
  3835 | D:3      | Killed Robin
  4001 | D:3      | Found a white marble altar of Elyvilon.
  4285 | D:3      | Slain by an orc

Illustrated notes

Levels and vault maps discovered:
D:1:      co_arrival_hall_of_pillars, layout_basic,
          ebering_ecumenical_altar_box, minmay_octomino_e4
D:2:      layout_loops_corners, serial_shops, nicolae_shop_trees,
          serial_bayou_pond_a
D:3:      minmay_recursive_quarters, layout_basic, general_overflow_altar,
          serial_bayou_lagoon_b, uniq_robin
D:4:      layout_rooms, slow_altar_1

Skill      XL: |  1  2  3  4  5  6 |
---------------+-------------------+-----
Spellcasting   | 3 4 |  4.3
Fire Magic     | 4 |  4.9
Conjurations   | 2 |  2.9
Fighting       | |  0.3
Maces & Flails | |  0.5
Dodging        | |  1.7
Stealth        | |  2.1

Action                   |  1- 3 |  4- 6 || total
-------------------------+-------+-------++-------
Melee: Whip              |     5 |    24 ||    29
 Cast: Foxfire           |    55 |   109 ||   164
       Scorch            |     1 |    11 ||    12
       Pain              |       |     1 ||     1
       Animate Skeleton  |       |     1 ||     1
       Flame Wave        |       |     1 ||     1
  Use: Scroll            |     3 |    11 ||    14
       Potion            |       |     4 ||     4
Armor: Robe              |     7 |    35 ||    42
Dodge: Dodged            |    10 |    64 ||    74

Table legend: (Time is in decaauts)
 A = Elapsed time spent in this place.
 B = Non-inter-level travel time spent in this place.
 C = Inter-level travel time spent in this place.
 D = Time resting spent in this place.
 E = Time spent auto-exploring this place.
 F = Levels seen in this place.
 G = Mean time per level.
                   A        B        C        D        E       F      G
               +--------+--------+--------+--------+--------+-----+--------+
         Total |   4307 |   4258 |     49 |    780 |   2721 |   4 | 1076.8 |
       Dungeon |   4307 |   4258 |     49 |    780 |   2721 |   4 | 1076.8 |
               +--------+--------+--------+--------+--------+-----+--------+

Top non-repeatable levels by time:
     D:3: 1555 daAuts
     D:2: 1532 daAuts
     D:1: 1202 daAuts
     D:4: 16 daAuts
